 Dungeon Sprint DCSS version 0.26.1-11-gd32895ea62 (webtiles) character file.

Game seed: 713953303638822260

7368 Groucho the Pandemonic (level 10, -6/105 HPs)
             Began as a Deep Dwarf Fighter on July 6, 2021.
             Was a High Priest of Makhleb.
             Engulfed by a blizzard demon's freezing vapour (10 damage)
             ... summoned by the player character
             ... in the Dungeon (Sprint IX: "|||||||||||||||||||||||||||||").
             The game lasted 00:06:36 (3567 turns).

Groucho the Pandemonic (Deep Dwarf Fighter)         Turns: 3567, Time: 00:06:36

Health: -6/105     AC: 19    Str: 26    XL:     10   Next: 91%
Magic:  18/18      EV: 10    Int:  9    God:    Makhleb [*****.]
Gold:   15         SH: 14    Dex: 12    Spells: 9/9 levels left

rFire    + . .     SeeInvis .   n - +3 war axe (freeze)
rCold    . . .     Faith    .   c - +0 kite shield
rNeg     . . .     Spirit   .   v - +1 scale mail {rF+}
rPois    .         Reflect  .   o - +0 helmet
rElec    .         Harm     .   g - +0 cloak
rCorr    .         Rampage  .   a - +0 pair of gloves
Will     +....     NoTele   +   w - +0 pair of boots
Stlth    ..........             (no amulet)
HPRegen  0.00/turn              q - +3 ring of strength
MPRegen  0.16/turn              r - +2 ring of protection

@: non-regenerating
A: damage resistance, heal wounds, sense surroundings 2, no regeneration
a: Heal Wounds, Renounce Religion, Minor Destruction, Lesser Servant of Makhleb,
Major Destruction, Greater Servant of Makhleb


You were in the Dungeon.
You worshipped Makhleb.
Makhleb was extremely pleased with you.
You visited 1 branch You collected 15 gold pieces.

Inventory:

Hand Weapons
 n - a +3 war axe of freezing (weapon)
Armour
 a - a +0 pair of gloves (worn)
 c - a +0 kite shield (worn)
 g - a +0 cloak (worn)
 o - a +0 helmet (worn)
 v - a +1 scale mail of fire resistance (worn)
 w - a +0 pair of boots (worn)
Jewellery
 q - a +3 ring of strength (left hand)
 r - a +2 ring of protection (right hand)
Wands
 m - a wand of iceblast (2)
Scrolls
 k - 5 scrolls of remove curse
 l - 3 scrolls of amnesia
 s - a scroll of identify
 t - a scroll of fog
 u - 6 scrolls of enchant weapon
Potions
 b - 2 potions of heal wounds
 d - 2 potions of berserk rage
 e - 5 potions of curing
 f - a potion of resistance
 h - 4 potions of magic
 i - a potion of brilliance


   Skills:
 + Level 11.5 Fighting
 + Level 13.2 Axes
 + Level 13.4 Armour
 + Level 13.4 Shields
 + Level 13.6 Invocations


You had 9 spell levels left.
You didn't know any spells.
Your spell library was empty.

Dungeon Overview and Level Annotations

Branches:
Dungeon (1/1)

Altars:
Cheibriados
Dithmenos
Elyvilon
Fedhas
Gozag
Hepliaklqana
Kikubaaqudgha
Makhleb
Nemelex Xobeh
Okawaru
Qazlal
Ru
Sif Muna
Trog
Uskayaw
Vehumet
Wu Jian
Xom
Yredelemnul
Zin
The Shining One
Beogh
Jiyva
Lugonu


Innate Abilities, Weirdness & Mutations

You are resistant to damage.
You can heal yourself by infusing magical energy.
You passively map the area around you.
You do not regenerate.


Message History

The orc knight barely misses you. What are your orders? t - Shout!
Orders for allies: a - Attack new target. p - Attack previous target. r - Retreat! s - Stop attacking. g - Guard the area. f - Follow me.
Anything else - Cancel.
Okay, then.
Unknown command.
Blink to where?
Press: ? - help, Dir - move target, p - orc knight
As you read the scroll of blinking, it crumbles to dust.
The blizzard demon gestures at you. The bolt of lightning misses you.
The blizzard demon gestures at you. The bolt of lightning misses you.
The blizzard demon gestures at you.
You are engulfed in freezing vapours.
You are engulfed in freezing vapours.
You die...

, , , , , , * * ** * ,,, ,,, , ,
, ,, * * * ** , , , , , , * * *
** * * * * , , , ,, , , ∩ , ,,
▓▓▓▓▓▓▓▓▓▓▓▓▓▓▓▓▓▓▓▓▓▓▓▓▓▓▓▓▓▓▓▓▓
........2☼○☼○☼○☼@§...............
▓▓▓▓▓▓▓▓▓▓▓▓▓▓▓▓▓▓▓▓▓▓▓▓▓▓▓▓▓▓▓▓▓
...†÷÷..†...†..'........!).('..[.
▓▓▓▓▓▓▓▓▓▓▓▓▓▓▓▓▓▓▓▓▓▓▓▓▓▓▓▓▓▓▓▓▓
.................................
▓▓▓▓▓▓▓▓▓▓▓▓▓▓▓▓▓▓▓▓▓▓▓▓▓▓▓▓▓▓▓▓▓
_______________'..).....[))....('
▓▓▓▓▓▓▓▓▓▓▓▓▓▓▓▓▓▓▓▓▓▓▓▓▓▓▓▓▓▓▓▓▓


There were no monsters in sight!

Vanquished Creatures
  A hydra (D)
  An ugly thing (D)
  2 elephants (D)
  2 cane toads (D)
  3 komodo dragons (D)
  A blink frog (D)
  Eustachio (D)
  3 yaks (D)
  A vampire mosquito (D)
  A soldier ant (D)
  A water moccasin (D)
  An orc warrior (D)
  An ice beast (D)
  A black bear (D)
  A necrophage (D)
  A centaur (D)
  3 ogres (D)
  3 bullfrogs (D)
  A jelly (D)
  A hound (D)
  An ufetubus (D)
  An orc (D)
  A bat zombie (D)
  A goblin (D)
  A hobgoblin (D)
  A jackal (D)
  2 frilled lizards (D)
  A kobold (D)
39 creatures vanquished.

Vanquished Creatures (collateral kills)
  A dire elephant (D)
  A hydra (D)
  An orc knight (D)
  6 elephants (D)
  A water moccasin (D)
  A wolf (D)
  An orc wizard (D)
  An orc (D)
13 creatures vanquished.

Grand Total: 52 creatures vanquished

Notes
Turn   | Place    | Note
-------+----------+-------------------------------------------
     0 | D        | Groucho the Deep Dwarf Fighter began the quest for the Orb.
     0 | D        | Reached XP level 1. HP: 20/20 MP: 1/1
    24 | D        | Noticed a hound
    24 | D        | Noticed an ice beast
    28 | D        | Killed a hound
    29 | D        | Reached XP level 2. HP: 19/30 MP: 2/2
    29 | D        | Reached XP level 3. HP: 23/36 MP: 3/3
    40 | D        | Killed an ice beast
    41 | D        | Reached skill level 5 in Fighting
    41 | D        | Reached skill level 5 in Axes
    41 | D        | Reached XP level 4. HP: 41/46 MP: 4/4
   695 | D        | Found a roughly hewn altar of Beogh.
   695 | D        | Found a snail-covered altar of Cheibriados.
   695 | D        | Found a shadowy altar of Dithmenos.
   695 | D        | Found a white marble altar of Elyvilon.
   695 | D        | Found a blossoming altar of Fedhas.
   695 | D        | Found an opulent altar of Gozag.
   696 | D        | Found a hazy altar of Hepliaklqana.
   697 | D        | Found a viscous altar of Jiyva.
   698 | D        | Found an ancient bone altar of Kikubaaqudgha.
   699 | D        | Found a corrupted altar of Lugonu.
   700 | D        | Found a burning altar of Makhleb.
   701 | D        | Found a sparkling altar of Nemelex Xobeh.
   702 | D        | Found an iron altar of Okawaru.
   703 | D        | Found a stormy altar of Qazlal.
   704 | D        | Found a sacrificial altar of Ru.
   705 | D        | Found a shimmering blue altar of Sif Muna.
   706 | D        | Found a bloodstained altar of Trog.
   707 | D        | Found a hide-covered altar of Uskayaw.
   708 | D        | Became a worshipper of Makhleb the Destroyer
   709 | D        | Found a radiant altar of Vehumet.
   710 | D        | Found an ornate altar of the Wu Jian Council.
   711 | D        | Found a shimmering altar of Xom.
   712 | D        | Found a basalt altar of Yredelemnul.
   713 | D        | Found a glowing silver altar of Zin.
   714 | D        | Found a glowing golden altar of the Shining One.
   723 | D        | Found the +2 Maxwell's thermic engine {flame, freeze}
  1167 | D        | Noticed an ogre
  1167 | D        | Noticed an ogre
  1167 | D        | Noticed a necrophage
  1167 | D        | Noticed a bullfrog
  1167 | D        | Noticed an ogre
  1167 | D        | Noticed an orc warrior
  1170 | D        | Killed an ogre
  1171 | D        | Reached XP level 5. HP: 33/55 MP: 5/5
  1176 | D        | Killed an ogre
  1177 | D        | Reached XP level 6. HP: 29/63 MP: 5/8
  1180 | D        | Reached * piety under Makhleb
  1191 | D        | Reached skill level 5 in Invocations
  1191 | D        | Reached XP level 7. HP: 34/72 MP: 6/11
  1197 | D        | Reached ** piety under Makhleb
  1205 | D        | Noticed a vampire mosquito
  1205 | D        | Noticed a white ugly thing
  1220 | D        | Killed a white ugly thing
  1221 | D        | Reached XP level 8. HP: 30/81 MP: 10/13
  1228 | D        | Reached skill level 10 in Armour
  1228 | D        | Reached skill level 10 in Shields
  1229 | D        | Reached *** piety under Makhleb
  1351 | D        | Noticed a cane toad
  1351 | D        | Noticed a komodo dragon
  1351 | D        | Noticed a komodo dragon
  1360 | D        | Reached skill level 10 in Axes
  1363 | D        | Noticed a blink frog
  1364 | D        | Killed a cane toad
  1364 | D        | Reached **** piety under Makhleb
  1365 | D        | Noticed a six-headed hydra
  1375 | D        | Killed a komodo dragon
  1376 | D        | Gained mutation: You passively map the area around you.
                  | [Deep Dwarf growth]
  1376 | D        | Reached XP level 9. HP: 91/91 MP: 16/16
  1378 | D        | Reached skill level 10 in Invocations
  1960 | D        | Killed a komodo dragon
  2101 | D        | Reached ***** piety under Makhleb
  2135 | D        | Killed a six-headed hydra
  2136 | D        | Reached skill level 10 in Fighting
  2503 | D        | Noticed an elephant
  2503 | D        | Noticed a four-headed hydra
  2503 | D        | Noticed a komodo dragon
  2504 | D        | Noticed a cane toad
  2521 | D        | Killed an elephant
  2527 | D        | Killed a four-headed hydra
  2528 | D        | Reached XP level 10. HP: 55/103 MP: 18/18
  2539 | D        | Killed a cane toad
  2879 | D        | Noticed an elephant
  2879 | D        | Noticed an elephant
  2879 | D        | Noticed an elephant
  2879 | D        | Noticed an elephant
  2879 | D        | Noticed an elephant
  2879 | D        | Noticed an elephant
  2891 | D        | Noticed a dire elephant
  2892 | D        | Killed an elephant
  2900 | D        | Killed an elephant
  2912 | D        | Killed an elephant
  2916 | D        | Killed an elephant
  2916 | D        | Killed an elephant
  2920 | D        | Killed a dire elephant
  2920 | D        | Reached ****** piety under Makhleb
  2921 | D        | Killed an elephant
  2943 | D        | Noticed an elephant
  2960 | D        | Killed an elephant
  3346 | D        | Noticed Eustachio
  3362 | D        | Killed Eustachio
  3498 | D        | Noticed an orc knight
  3499 | D        | Noticed an orc knight
  3507 | D        | Killed an orc knight
  3541 | D        | Noticed a blizzard demon
  3545 | D        | HP: 4/105 [blizzard demon/the air[the player character]
                  | (3)]
  3567 | D        | Engulfed by a blizzard demon's freezing vapour

Illustrated notes

Levels and vault maps discovered:
D:        linesprint [early_d, line_temple, items_1, d_10, items_2, lair_1,
          lair_end, items_3, orc_1, orc_end, items_4, d_15, swamp_1, shoals_1,
          snake_1, spider_1, d_20, vaults_1, items_5, swamp_end, shoals_end,
          snake_end, spider_end, vaults_end, d_27, items_6, zot_1, zot_end,
          crypt_end, forest_end, elf_end, slime_end, tomb_end, abyss_end,
          pan_hell_end]

Skill      XL: |  1  2  3  4  5  6  7  8  9 10 |
---------------+-------------------------------+-----
Fighting       | 3 5 6 7 8 9 10 11 | 11.5
Axes           | 4 5 6 7 8 9 10 11 13 | 13.2
Armour         | 4 6 7 8 9 11 12 13 | 13.4
Shields        | 4 6 7 8 9 10 12 13 | 13.4
Invocations    | 2 5 7 9 11 13 | 13.6

Action                   |  1- 3 |  4- 6 |  7- 9 | 10-12 || total
-------------------------+-------+-------+-------+-------++-------
Melee: War axe           |    28 |    23 |    68 |    82 ||   201
Invok: Major Destruction |       |       |     2 |     1 ||     3
       Greater Servant o |       |       |     1 |     3 ||     4
 Abil: Heal Wounds       |       |       |     2 |     2 ||     4
Evoke: Wand              |       |       |     8 |       ||     8
  Use: Potion            |     2 |     3 |     2 |       ||     7
       Scroll            |       |       |     1 |     1 ||     2
 Stab: Invisible         |       |     1 |       |       ||     1
Armor: Scale mail        |     7 |     5 |    21 |    13 ||    46
Dodge: Dodged            |     5 |     7 |    17 |    13 ||    42
Block: Kite shield       |    13 |     9 |    39 |    43 ||   104
